 Dungeon Crawl Stone Soup version 0.30-a0-347-gf58ed5266c (webtiles) character file.

Game seed: 8744288976505890399

49044 Lanoc the Imperceptible (level 14, -6/101 HPs)
             Began as an Octopode Brigand on Nov 5, 2022.
             Was the Champion of Dithmenos.
             Mangled by an ice devil (8 damage)
             ... summoned by an orc high priest
             ... on level 2 of the Orcish Mines.
             The game lasted 00:49:02 (18629 turns).

Lanoc the Imperceptible (Octopode Brigand)         Turns: 18629, Time: 00:49:03

Health: -6/101     AC:  2    Str: 22    XL:     14   Next: 49%
Magic:  0/14       EV: 27    Int: 18    God:    Dithmenos [******]
Gold:   1719       SH:  0    Dex: 24    Spells: 13/13 levels left

rFire   + . .      SeeInvis .    R - +11 dagger of the Wilderness {vorpal, Int+4}
rCold   + . .      Faith    .    (no shield)
rNeg    + + .      Spirit   +    T - +1 hat of Beogh's Favour {rN++ Will++ Int-3}
rPois   .          Reflect  .    O - amulet of guardian spirit
rElec   +          Harm     .    f - ring of willpower
rCorr   +          Rampage  .    k - ring of flight
Will    ++++.                    n - +6 ring of strength Stlth *********+
                                 K - ring of resist corrosion
HPRegen 0.36/turn                J - ring of protection from fire
MPRegen 0.14/turn                Y - ring of the Bruised Defenders {rElec rC+}
                                 q - ring "Soreubio" {rCorr EV+4 Str+5 Int+4}
                                 X - +6 ring of dexterity

@: spiked, flying, wreathed by umbra
A: almost no armour, amphibious, 8 rings, camouflage 1, gelatinous body 1,
(nimble swimmer 1), tentacles
a: Renounce Religion, Shadow Step, Shadow Form


You were on level 2 of the Orcish Mines.
You worshipped Dithmenos.
Dithmenos was exalted by your worship.
You visited 3 branches of the dungeon, and saw 18 of its levels.
You also visited: Ossuary and Bailey.

You collected 3028 gold pieces.
You spent 1309 gold pieces at shops.

Inventory:

Hand Weapons
 R - the +11 dagger of the Wilderness (weapon) {vorpal, Int+4}
   (You bought it in a shop on level 7 of the Dungeon)

   It inflicts extra damage upon your enemies.
   Int:       It affects your intelligence (+4).
Missiles
 a - 4 atropa-tipped darts
 b - 11 poisoned darts (quivered)
 c - a curare-tipped dart
 y - a throwing net
Armour
 T - the +1 hat of Beogh's Favour (worn) {rN++ Will++ Int-3}
   (You acquired it on level 11 of the Dungeon)

   Int:       It affects your intelligence (-3).
   rN:        It greatly protects you from negative energy.
   Will:      It greatly increases your willpower.
 W - an orb of wrath
Jewellery
 f - a ring of willpower (left tentacle)
 k - a ring of flight (right tentacle)
 n - a +6 ring of strength (on tentacle)
 q - the ring "Soreubio" (on tentacle) {rCorr EV+4 Str+5 Int+4}
   (You found it on level 10 of the Dungeon)

   [ring of evasion]

   EV:        It affects your evasion (+4).
   Str:       It affects your strength (+5).
   Int:       It affects your intelligence (+4).
   rCorr:     It protects you from acid and corrosion.
 D - a ring of fire
 J - a ring of protection from fire (on tentacle)
 K - a ring of resist corrosion (on tentacle)
 L - a ring of positive energy
 M - a ring of positive energy
 O - an amulet of guardian spirit (around mantle)
 U - a ring of ice
 X - a +6 ring of dexterity (on tentacle)
 Y - the ring of the Bruised Defenders (on tentacle) {rElec rC+}
   (You found it on level 2 of the Orcish Mines)

   [ring of protection from cold]

   rC:        It protects you from cold.
   rElec:     It insulates you from electricity.
Wands
 p - a wand of mindburst (4)
 t - a wand of flame (86)
 z - a wand of paralysis (14)
 C - a wand of quicksilver (15)
 N - a wand of iceblast (14)
Scrolls
 d - 2 scrolls of blinking
 g - 2 scrolls of vulnerability
 o - 3 scrolls of summoning
 r - 2 scrolls of enchant armour
 s - a scroll of butterflies
 w - 3 scrolls of teleportation
 B - 6 scrolls of magic mapping
 G - a scroll of immolation
 H - 3 scrolls of amnesia
 I - a scroll of torment
 Q - 5 scrolls of enchant weapon
 S - a scroll of silence
 V - 2 scrolls of identify
Potions
 e - 5 potions of cancellation
 h - 7 potions of brilliance
 i - 9 potions of curing
 j - a potion of heal wounds
 l - 7 potions of mutation
 m - 3 potions of magic
 u - 5 potions of attraction
 v - 3 potions of lignification
 x - 7 potions of haste
 A - 3 potions of might
 E - a potion of invisibility
 F - 2 potions of resistance
 P - 2 potions of ambrosia


   Skills:
 + Level 11.5 Fighting
 - Level 8.0 Short Blades
 - Level 2.0 Throwing
 + Level 11.4 Dodging
 * Level 24.4 Stealth


You had 13 spell levels left.
You didn't know any spells.
Your spell library contained the following spells:

 Spells                   Type           Power      Damage    Failure   Level
 Magic Dart               Conj           0%         1d3       22%         1
 Blink                    Tloc           0%         N/A       32%         2
 Momentum Strike          Conj/Tloc      0%         3d8       32%         2
 Searing Ray              Conj           0%         2d4       32%         2
 Call Canine Familiar     Summ           0%         N/A       54%         3
 Inner Flame              Hex/Fire       0%         N/A       54%         3
 Lesser Beckoning         Tloc           0%         N/A       54%         3
 Portal Projectile        Hex/Tloc       0%         N/A       54%         3
 Stone Arrow              Conj/Erth      0%         3d7       54%         3
 Vhi's Electric Charge    Tloc/Air       0%         N/A       54%         3
 Flame Wave               Conj/Fire      0%         2d4       91%         4
 Fulminant Prism          Conj/Hex       0%         3d5       91%         4
 Leda's Liquefaction      Hex/Erth       0%         N/A       91%         4
 Passage of Golubria      Tloc           0%         N/A       91%         4
 Sticky Flame             Conj/Fire      0%         2d3       91%         4
 Arcjolt                  Conj/Air       0%         1d10      99%         5
 Blade Hands              Tmut           0%         N/A       99%         5
 Irradiate                Conj/Tmut      0%         3d11      99%         5
 Silence                  Hex/Air        0%         N/A       99%         5
 Summon Forest            Summ/Tloc      0%         N/A       99%         5
 Summon Mana Viper        Hex/Summ       0%         N/A       99%         5
 Summon Cactus Giant      Summ           0%         N/A       100%        6
 Dragon Form              Tmut           0%         N/A       100%        7
 Lehudib's Crystal Spear  Conj/Erth      0%         10d2      100%        8
 Maxwell's Capacitive Co  Air            0%         ∞         100%        8
 Animate Armour           Summ/Erth      Unusable   N/A       N/A         4

Dungeon Overview and Level Annotations

Branches:
Dungeon (15/15)            Temple (1/1) D:5            Lair (0/5) D:10
    Orc (2/2) D:9             Elf (0/3) Orc:2        Vaults (0/5) D:14
Ossuary (visited)          Bailey (visited)
 Depths: D:15

Altars:
Ashenzari
Cheibriados
Dithmenos
Elyvilon
Fedhas
Gozag
Hepliaklqana
Kikubaaqudgha
Makhleb
Nemelex Xobeh
Okawaru
Qazlal
Ru
Sif Muna
Uskayaw
Vehumet
Wu Jian
Xom
Yredelemnul
Zin
The Shining One

Shops:
D:4 !(!   D:6 !   D:7 (=*(   D:11 *   Orc:1 (   Orc:2 ((

Annotations:
D:14 Roxanne


Innate Abilities, Weirdness & Mutations

You cannot wear most types of armour.
You are amphibious.
You can wear up to eight rings at the same time.
Your skin changes colour to match your surroundings (Stealth+).
Your rubbery body absorbs attacks. (AC +1, EV +1)
((You are camouflaged when in or above water. (Stealth+)))
You have tentacles for arms and can constrict up to eight enemies at once.


Message History

You hit the orc high priest but do no damage.
You squeeze the orc high priest.
The orc high priest is moderately wounded.
You constrict the orc high priest.
You feel sick. The ufetubus misses you. The ufetubus completely misses you.
The ynoxinul closely misses you.
You puncture the orc high priest!
The orc high priest is heavily wounded.
Your shadow hits the orc high priest with a dagger.
You constrict the orc high priest. The ufetubus hits you.
The ufetubus misses you.
The orc high priest calls down the wrath of Beogh upon you.
Beogh smites you! The orc priest closely misses you.
The red devil hits you with a +2 demon trident of venom!!
* * * LOW HITPOINT WARNING * * *
Barbed spikes become lodged in your body.
You are more poisoned.
The ice devil hits you!
* * * LOW HITPOINT WARNING * * *
The ice devil freezes you! You resist.
* * * LOW HITPOINT WARNING * * *
You feel much better.
You constrict the orc high priest.
You feel very sick.
The ufetubus completely misses you. x2; The ynoxinul completely misses you.
The orc high priest mumbles some strange prayers to Beogh against you.
Beogh smites you!
* * * LOW HITPOINT WARNING * * *
The orc priest invokes the aid of Beogh against you.
You resist with almost no effort. The ice devil misses you.
The red devil closely misses you. The ufetubus completely misses you. x2
You feel better.
You constrict the orc high priest. The ynoxinul completely misses you.
The ufetubus barely misses you. The ufetubus completely misses you.
The orc high priest invokes the aid of Beogh against you.
Beogh smites you!
* * * LOW HITPOINT WARNING * * *
The orc priest closely misses you. The red devil barely misses you.
The ice devil hits you.
* * * LOW HITPOINT WARNING * * *
The ice devil freezes you! You resist.
You die...

###.###'##.#...#
.##.##...#.##'##
.##.##..[#....#
###'###########
........##### ####
..8.8.......### #...##
..........)...## #.....#
.......##......##o......
........###...)5@45.....
..8.8.....###..34o5.∩...
............###.5.......
.........)...####.......
.#...#...))...## #.....#
##8.8##........## #...##
#.....####..)...## ####
.......#####.....##
..)))...# ##.....##


You could see an orc high priest, an ice devil (summoned), a ynoxinul
(summoned), a red devil (summoned), an orc priest and 4 ufetubi.

Vanquished Creatures
  Jorgrun (D:14)
  Gastronok (D:12)
  3 orc warlords
  Snorg (D:11)
  An entropy weaver (shapeshifter) (D:13)
  Fannar (D:12)
  2 catoblepae
  2 centaur warriors
  An ogre mage (D:14)
  4 boulder beetles
  7 two-headed ogres
  3 orc high priests (Orc:2)
  Nergalle (D:10)
  Urug (D:12)
  Amaemon (D:10)
  3 deep elf pyromancers
  An orc knight (Orc:1)
  7 cyclopes
  2 ugly things (D:12)
  7 orc sorcerers
  A manticore (D:11)
  Maurice (Orc:1)
  Maggie (D:6)
  An orange demon (D:10)
  2 gargoyles
  A kobold demonologist (Bailey)
  3 unseen horrors
  A komodo dragon (D:11)
  9 trolls
  3 meliai (D:14)
  Grinder (D:6)
  7 slime creatures
  Sigmund (D:4)
  3 yaks (D:8)
  A shadow (D:12)
  A wyvern (D:10)
  2 vampires
  2 wraiths
  A basilisk (D:12)
  3 vampire mosquitoes (D:11)
  Edmund (D:6)
  A warg (Orc:2)
  3 water moccasins
  An acid dragon (D:13)
  56 orc warriors
  Duvessa (D:5)
  2 ice beasts
  3 black bears
  A sky beast (D:6)
  7 ogres
  11 centaurs
  A phantom (D:5)
  8 bullfrogs
  4 necrophages
  A gnoll sergeant (D:7)
  3 scorpions
  6 wights
  Dowan (D:5)
  9 killer bees
  9 electric eels
  A howler monkey (D:10)
  9 hounds
  2 jellies
  31 orc priests
  Jessica (D:2)
  A gnoll bouda (D:10)
  3 iguanas
  19 orc wizards
  Ijyb (D:4)
  9 mummies
  17 gnolls
  5 adders
  A shadow imp (D:7)
  2 ufetubi
  A dart slug (D:3)
  118 orcs
  8 endoplasms
  3 giant cockroaches
  19 goblins
  12 hobgoblins
  2 jackals (D:3)
  5 quokkas
  5 ball pythons
  4 bats
  2 frilled lizards (D:1)
  2 gnoll zombies (Ossuary)
  4 hobgoblin zombies (Ossuary)
  A kobold zombie (Ossuary)
  An orc zombie (Ossuary)
  2 rats (D:1)
515 creatures vanquished.

Notes
Turn   | Place    | Note
-------+----------+-------------------------------------------
     0 | D:1      | Lanoc the Octopode Brigand began the quest for the Orb.
     0 | D:1      | Reached XP level 1. HP: 14/14 MP: 1/1
   132 | D:1      | Reached XP level 2. HP: 14/19 MP: 2/2
   645 | D:2      | Noticed Jessica
   658 | D:2      | Killed Jessica
   659 | D:2      | Reached skill level 6 in Stealth
   659 | D:2      | Reached XP level 3. HP: 16/24 MP: 3/3
   968 | D:2      | Reached XP level 4. HP: 29/29 MP: 4/4
  1346 | D:3      | HP: 1/29 [orc wizard/puff of flame (8)]
  1347 | D:3      | Reached skill level 7 in Stealth
  1353 | D:3      | Reached XP level 5. HP: 17/34 MP: 5/5
  1598 | D:3      | Found a sacrificial altar of Ru.
  1918 | D:4      | Found Leofrerr's Weapon Emporium.
  1923 | D:4      | Noticed Sigmund
  1965 | D:4      | Noticed an ogre
  1966 | D:4      | Noticed Ijyb
  1967 | D:4      | Noticed a water moccasin
  1984 | D:4      | Killed an ogre
  1985 | D:4      | Reached skill level 8 in Stealth
  1985 | D:4      | Reached XP level 6. HP: 39/39 MP: 6/6
  1985 | D:4      | Killed a water moccasin
  1985 | D:4      | Killed Ijyb
  1986 | D:4      | Reached skill level 5 in Short Blades
  2002 | D:4      | Found Qisaz's Distillery.
  2011 | D:4      | Bought a potion of heal wounds for 65 gold pieces
  2011 | D:4      | Bought a potion of lignification for 39 gold pieces
  2243 | D:4      | Killed Sigmund
  2244 | D:4      | Reached skill level 9 in Stealth
  2244 | D:4      | Reached XP level 7. HP: 36/45 MP: 7/7
  2737 | D:4      | Found Ucang's Distillery.
  2740 | D:4      | Bought a potion of curing for 39 gold pieces
  2740 | D:4      | Bought a potion of curing for 39 gold pieces
  2809 | D:5      | Entered Level 5 of the Dungeon
  2989 | D:5      | Reached skill level 10 in Stealth
  3016 | D:5      | Found a staircase to the Ecumenical Temple.
  3025 | Temple   | Entered the Ecumenical Temple
  3040 | Temple   | Became a worshipper of Dithmenos the Shadowed
  3089 | D:5      | Reached XP level 8. HP: 48/50 MP: 8/8
  3089 | D:5      | Noticed Duvessa
  3100 | D:5      | Noticed Dowan
  3107 | D:5      | Killed Duvessa
  3112 | D:5      | Killed Dowan
  3158 | D:5      | Reached skill level 11 in Stealth
  3268 | D:5      | Found a sand-covered staircase.
  3275 | Ossuary  | Entered an ossuary
  4079 | D:5      | Reached * piety under Dithmenos
  4080 | D:5      | Reached skill level 12 in Stealth
  4218 | D:5      | Reached XP level 9. HP: 40/54 MP: 9/9
  4293 | D:5      | Reached skill level 13 in Stealth
  4577 | D:6      | Noticed Edmund
  4583 | D:6      | Killed Edmund
  5030 | D:6      | Found a glowing silver altar of Zin.
  5094 | D:6      | Found Bynar's Distillery.
  5101 | D:6      | Bought a potion of resistance for 100 gold pieces
  5101 | D:6      | Bought 2 potions of curing for 60 gold pieces
  5101 | D:6      | Bought a potion of berserk rage for 50 gold pieces
  5101 | D:6      | Bought a potion of degeneration for 10 gold pieces
  5116 | D:6      | Noticed Grinder
  5117 | D:6      | Noticed Maggie
  5120 | D:6      | Killed Maggie
  5121 | D:6      | Reached skill level 14 in Stealth
  5123 | D:6      | Killed Grinder
  5318 | D:7      | Found Daireato's Assorted Antiques.
  5334 | D:7      | Reached XP level 10. HP: 63/63 MP: 10/10
  5338 | D:7      | Bought a scroll labelled ENKYLE AMURGHICI for 21 gold
                  | pieces
  5338 | D:7      | Bought a scroll labelled USOSTA BYMM for 21 gold pieces
  5338 | D:7      | Bought a scroll labelled KAHOPRI GUCW for 21 gold pieces
  5414 | D:7      | Reached skill level 15 in Stealth
  5547 | D:7      | Found Haotoor's Antique Weapon Emporium.
  5576 | D:7      | Found a white marble altar of Elyvilon.
  5621 | D:7      | Found Byuhaf's Antique Weapon Shop.
  5781 | D:7      | Found Piunwon's Jewellery Boutique.
  5917 | D:8      | Found an ancient bone altar of Kikubaaqudgha.
  5920 | D:8      | Found a blossoming altar of Fedhas.
  5921 | D:8      | Found a shimmering altar of Xom.
  5922 | D:8      | Found a hide-covered altar of Uskayaw.
  5949 | D:8      | Reached ** piety under Dithmenos
  6487 | D:8      | Reached skill level 5 in Fighting
  7016 | D:9      | Noticed a two-headed ogre
  7021 | D:9      | Killed a two-headed ogre
  7022 | D:9      | Reached skill level 5 in Dodging
  7022 | D:9      | Reached skill level 16 in Stealth
  7070 | D:7      | Bought a dazzling dagger for 217 gold pieces
  7070 | D:7      | Identified the +11 dagger of the Wilderness {vorpal, Int+4}
                  | (You bought it in a shop on level 7 of the Dungeon)
  7266 | D:9      | Reached *** piety under Dithmenos
  7349 | D:9      | Found a staircase to the Orcish Mines.
  7434 | D:10     | Entered Level 10 of the Dungeon
  7465 | D:10     | Noticed a gargoyle
  7473 | D:10     | Noticed a two-headed ogre
  7480 | D:10     | Killed a two-headed ogre
  7488 | D:10     | Found a flagged portal.
  7497 | Bailey   | Entered a bailey
  7697 | Bailey   | Reached skill level 17 in Stealth
  7764 | Bailey   | Noticed an orc sorcerer
  7770 | Bailey   | Killed an orc sorcerer
  7771 | Bailey   | Reached XP level 11. HP: 58/72 MP: 8/11
  7891 | Bailey   | Acquired 1306 gold pieces
  7967 | Bailey   | Reached **** piety under Dithmenos
  8056 | Bailey   | Found an iron altar of Okawaru.
  8475 | D:10     | Identified the ring "Soreubio" {rCorr EV+4 Str+5 Int+4}
  8511 | D:10     | Noticed Nergalle
  8535 | D:10     | Killed Nergalle
  8555 | D:10     | Reached skill level 18 in Stealth
  8623 | D:10     | Found a staircase to the Lair.
  8820 | D:10     | Noticed Amaemon
  9038 | D:10     | Killed Amaemon
  9489 | D:11     | Noticed a manticore
  9492 | D:11     | Killed a manticore
  9628 | D:11     | Found Xounkonou's General Store.
  9634 | D:11     | Bought a scroll of acquirement for 572 gold pieces
  9634 | D:11     | Bought a potion of heal wounds for 55 gold pieces
  9634 | D:11     | Acquired the +1 hat of Beogh's Favour {rN++ Will++ Int-3}
  9864 | D:11     | Reached skill level 19 in Stealth
 10030 | D:11     | Noticed Snorg
 10035 | D:11     | Killed Snorg
 10036 | D:11     | Reached XP level 12. HP: 82/82 MP: 12/12
 10241 | D:11     | Noticed a boulder beetle
 10248 | D:11     | Killed a boulder beetle
 10765 | D:12     | Noticed Gastronok
 10768 | D:12     | Noticed a boulder beetle
 10820 | D:12     | Reached ***** piety under Dithmenos
 10827 | D:12     | Noticed a two-headed ogre
 10834 | D:12     | Killed a two-headed ogre
 10835 | D:12     | Reached skill level 20 in Stealth
 11031 | D:12     | Killed a boulder beetle
 11172 | D:12     | Noticed Urug
 11173 | D:12     | Noticed a boulder beetle
 11178 | D:12     | Killed Urug
 11183 | D:12     | Killed a boulder beetle
 11319 | D:12     | Killed Gastronok
 11499 | D:12     | Noticed Fannar
 11589 | D:12     | Killed Fannar
 11590 | D:12     | Reached skill level 21 in Stealth
 12370 | D:13     | Noticed an entropy weaver
 12395 | D:13     | Reached XP level 13. HP: 61/90 MP: 9/13
 12506 | D:13     | Killed an entropy weaver
 13036 | D:13     | Reached skill level 22 in Stealth
 13226 | D:13     | Identified the -1 pair of gloves of Defence {Harm +Blink
                  | Str+3}
 13270 | D:14     | Found an ornate altar of the Wu Jian Council.
 13461 | D:14     | Identified Roxanne's Octavo of Sculpting
 13461 | D:14     | Noticed Roxanne
 13549 | D:14     | Reached skill level 10 in Fighting
 13605 | D:14     | Found a gate to the Vaults.
 13623 | D:14     | Reached skill level 10 in Dodging
 14199 | D:14     | Noticed Jorgrun
 14206 | D:14     | Killed Jorgrun
 15042 | D:15     | Entered Level 15 of the Dungeon
 15633 | D:9      | Found a faded altar of an unknown god.
 15635 | D:9      | Found a faded altar of an unknown god.
 15635 | D:9      | Found a hazy altar of Hepliaklqana.
 15854 | Orc:1    | Entered Level 1 of the Orcish Mines
 15942 | Orc:1    | Reached skill level 23 in Stealth
 16247 | Orc:1    | Found Emmiaqukh's Weapon Emporium.
 16317 | Orc:1    | Noticed an orc warlord
 16347 | Orc:1    | Killed an orc warlord
 16804 | Orc:1    | Noticed Maurice
 16815 | Orc:1    | Reached XP level 14. HP: 99/99 MP: 14/14
 16825 | Orc:1    | Killed Maurice
 16832 | Orc:1    | Reached ****** piety under Dithmenos
 17287 | Orc:2    | Entered Level 2 of the Orcish Mines
 17500 | Orc:2    | Noticed an orc warlord
 17503 | Orc:2    | Killed an orc warlord
 17597 | Orc:2    | Identified the ring of the Bruised Defenders {rElec rC+}
 17722 | Orc:2    | Reached skill level 24 in Stealth
 17736 | Orc:2    | Found a staircase to the Elven Halls.
 18042 | Orc:2    | Found Atiasuck's Weapon Shop.
 18207 | Orc:2    | Noticed an orc warlord
 18210 | Orc:2    | Killed an orc warlord
 18604 | Orc:2    | Found Ucoseim's Weapon Emporium.
 18627 | Orc:2    | HP: 4/101 [ice devil[an orc high priest] (9)]
 18629 | Orc:2    | Mangled by an ice devil

Illustrated notes

Levels and vault maps discovered:
D:1:      minmay_arrival_shattered_statue, layout_rooms, minmay_pentomino_t2
D:2:      layout_basic, kennysheep_boxes, uniq_jessica
D:3:      layout_rooms, mainiacjoe_overflow_surrounded_room, interstate_on_off,
          hangedman_decor_lopped, nicolae_titane
D:4:      layout_loops_ring, serial_shops, nicolae_diamond_shop, shop,
          kennysheep_mini, uniq_sigmund, uniq_ijyb
D:5:      nicolae_cairo_tiling, layout_basic, minmay_temple_entry_fiery,
          gup_ossuary_entry_pyramid, uniq_duvessa
D:6:      layout_basic, zin_statuary, serial_shops, shop, uniq_edmund,
          uniq_maggie, uniq_grinder
D:7:      layout_rooms, elyvilon_altar_4, serial_shops,
          nicolae_shop_advertising_works [nicolae_subvault_shop_adworks],
          nicolae_lakefront_shop, nicolae_stop_n_shop_2, nicolae_stop_n_shop_2
D:8:      layout_cave_pools, mainiacjoe_overflow_alcove_3,
          hangedman_decor_points, kennysheep_generic_room_16
D:9:      layout_irregular_city, nicolae_hepliaklqana_ecumenical_no_more,
          hiddenorc2_lemuel
D:10:     layout_loops_ring, erik_lair_island, enter_bailey_3, uniq_nergalle,
          uniq_amaemon
D:11:     layout_loops_ring, serial_shops, shop, uniq_snorg
D:12:     layout_layer_cave, uniq_fannar, uniq_gastronok, uniq_urug
D:13:     layout_loops_ring, corexii_leaking_fountain
D:14:     layout_basic, david_vaults_2, basic_altar, uniq_roxanne, uniq_jorgrun
D:15:     gammafunk_depths_entry_grave, layout_grid_maze
Temple:   nicolae_temple_ecumenical_triangle
Orc:1:    layout_caves, serial_shops, nicolae_shop_window_shopping, basic_altar,
          hellmonk_bongcloud_opening, uniq_maurice
Orc:2:    pubby_orc_utopia

Skill      XL: |  1  2  3  4  5  6  7  8  9 10 11 12 13 14 |
---------------+-------------------------------------------+-----
Short Blades   | 3 4 5 6 8 |  8.0
Stealth        | 6 7 8 9 10 12 14 17 19 21 23 24 | 24.4
Dodging        | 3 5 7 9 10 11 | 11.4
Fighting       | 4 6 7 9 10 11 | 11.5
Throwing       | |  2.0

Action                   |  1- 3 |  4- 6 |  7- 9 | 10-12 | 13-15 || total
-------------------------+-------+-------+-------+-------+-------++-------
Melee: Dagger            |    43 |    77 |   172 |   506 |   492 ||  1290
       Tentacles         |     5 |    15 |    46 |   141 |   148 ||   355
       Constrict         |     4 |    16 |    30 |    70 |    93 ||   213
       Punch             |       |       |     4 |     6 |     8 ||    18
Throw: Dart              |       |    13 |    19 |     2 |       ||    34
Invok: Shadow Step       |       |       |       |       |     1 ||     1
Evoke: Wand              |       |     2 |     9 |     4 |    11 ||    26
  Use: Potion            |       |     3 |     2 |     3 |     3 ||    11
       Scroll            |       |       |    12 |    13 |       ||    25
 Stab: Sleeping          |    13 |     4 |    21 |    54 |    69 ||   161
       Distracted        |       |       |     1 |     3 |     3 ||     7
Armor: Skin              |       |     2 |     5 |    21 |     9 ||    37
Dodge: Dodged            |    17 |    41 |    52 |   270 |   447 ||   827

Table legend: (Time is in decaauts)
 A = Elapsed time spent in this place.
 B = Non-inter-level travel time spent in this place.
 C = Inter-level travel time spent in this place.
 D = Time resting spent in this place.
 E = Time spent auto-exploring this place.
 F = Levels seen in this place.
 G = Mean time per level.
                   A        B        C        D        E       F      G
               +--------+--------+--------+--------+--------+-----+--------+
         Total |  18158 |  17340 |    818 |   1287 |  12529 |  20 |  907.9 |
       Dungeon |  14515 |  13735 |    780 |   1046 |  10311 |  15 |  967.7 |
        Temple |     28 |      8 |     20 |      0 |      0 |   1 |   28.0 |
  Orcish Mines |   2278 |   2261 |     17 |      0 |   1635 |   2 | 1139.0 |
       Ossuary |    568 |    568 |      0 |    179 |    224 |   1 |  568.0 |
        Bailey |    767 |    767 |      0 |     62 |    359 |   1 |  767.0 |
               +--------+--------+--------+--------+--------+-----+--------+

Top non-repeatable levels by time:
    D:14: 1813 daAuts
    D:12: 1536 daAuts
     D:9: 1396 daAuts
    D:11: 1274 daAuts
   Orc:2: 1271 daAuts
    D:10: 1231 daAuts
     D:5: 1092 daAuts
    D:13: 1063 daAuts
   Orc:1: 1007 daAuts
     D:4: 1002 daAuts
     D:8: 854 daAuts
  Bailey: 767 daAuts
     D:3: 738 daAuts
     D:6: 734 daAuts
     D:7: 708 daAuts
